Zazza, neutral female human Tourist ----------- ------ |..........# |.....####### # |.........|# ##-....| # -------- ----- |.....>...|# # |....| ###|...>..| |...| -.---------# ### -.---- ##.......| |..{| ## # # ### # |......-# |..^| # # ### # # --------# ---.- # # # ### # # # ## # # # # # # # # # # ### # # # ---|---- # # # # # # |..@...| # # # ## # # # |...)@)| # # ------------# # # |.[))m[| # # |..........|# ####### # |))]))[| # # # |..........-# # -.-------|-- |[)))))| #----------# |......<...| # |..........| -------- #-.........# ------------ ##...........| |........| |..........| ---------- ------------ Zazza the Sightseer Experience level: 3 Strength: 10 Dexterity: 13 Constitution: 12 Intelligence: 18 Wisdom: 6 Charisma: 17 Health: 0(30) Energy: 10(10) Def: 1 Gold: 0 Moves: 1609 Dungeon seed: 0VWXWevDteG_Te-n Game ID: Zazza_1581844559 Your Inventory: Weapons a - 24 +2 darts (in quiver) s - a +0 orcish dagger v - a blessed +1 orcish dagger (weapon in hand) G - a +0 spear H - a +0 flail I - a +0 scimitar K - a +0 silver dagger Armor e - an uncursed +0 Hawaiian shirt (being worn) r - an uncursed +0 orcish helm (being worn) z - an uncursed +0 orcish helm Comestibles c - 8 uncursed food rations f - an uncursed egg g - an uncursed pear h - 2 uncursed tripe rations Scrolls j - an uncursed scroll of magic mapping n - an uncursed scroll of punishment o - an uncursed scroll of remove curse D - an uncursed scroll of amnesia F - an uncursed scroll of identify Spellbooks B - an uncursed spellbook of wizard lock Potions i - 2 uncursed potions of extra healing m - an uncursed potion of gain ability t - an uncursed potion of sickness A - an uncursed potion of gain energy Wands x - a wand of death (0:3) C - a wand of striking (0:7) Tools k - an expensive camera (0:72) l - an uncursed credit card E - a can of grease (0:10) Gems q - 2 uncursed worthless pieces of green glass y - an uncursed opal Spells and supernatural/magical abilities: Name Level Category Fail Memory W - pray for help -- divine ? -- Your skills at the end: Fighting Skills Weapon Skills dagger [Basic] dart [Basic] Spellcasting Skills Final Attributes: You were stridently aligned. You are dead. Vanquished creatures: a shrieker a kitten a wererat a brown mold a red mold 2 geckos a jackal a fox a kobold 2 goblins 2 grid bugs 7 lichens a kobold zombie 2 newts 24 creatures vanquished. Voluntary challenges: You used a wielded weapon 27 times, starting on turn 686. You read items or engraved 7 times, starting on turn 439. You never genocided any monsters. You never polymorphed an object. You never changed form. You used no wishes. You never split a pudding. You wrote Elbereth's name 2 times, starting on turn 722. You never violated your personal moral code. Dungeon overview: The Dungeons of Doom: levels 1 to 4 Level 1 a long staircase Level 2 Level 3 an altar to Blind Io Level 4 <- You were here a weapon shop, a fountain a long staircase History has recorded: On T:1 you entered the Dungeons of Doom to retrieve the Amulet of Yendor! On T:328 you reached level 2 of The Dungeons of Doom. On T:713 you reached level 3 of The Dungeons of Doom. On T:1008 you advanced to experience level 2. On T:1208 you reached level 4 of The Dungeons of Doom. On T:1310 you advanced to experience level 3. Score breakdown: Gold: 0 ( 0 points) Experience: 3 levels ( 7878 points) Exploration: 4 levels ( 8.70%) ( 7745 points) Discoveries: 1 item ( 0.34%) ( 1737 points) Valuables value: (no points given unless you survive) Artifact value: 0 ( 0 points) Variety of kills: 14 monsters ( 3.67%) ( 5750 points) Turncount: 1609 turns ( 0 points) Survival: died (score multiplied by 80%) Total score: 18488 Latest messages: You have a little trouble lifting K - a silver dagger (unpaid, 40 zorkmids). You see here a club (3 zorkmids). You see here a leather armor (5 zorkmids). You see here a crude bow (106 zorkmids). You see here a flail (4 zorkmids). You see here a long sword (15 zorkmids). You see here a curved sword (15 zorkmids). You see here a war hammer (15 zorkmids). You see here a pair of jackboots (12 zorkmids). You see here a scale mail (45 zorkmids). You see here an axe (8 zorkmids). You see here 10 darts (20 zorkmids). Wait! That's a small mimic! You hit the small mimic. The small mimic hits! You miss the small mimic. You hit the small mimic. (2x) The small mimic hits! You hit the small mimic. You miss the small mimic. (2x) The small mimic hits! You miss the small mimic. You hit the small mimic. (2x) The small mimic hits! You die... Lonzac comes and takes all your possessions. Final status: Aloha Zazza the Tourist, killed by a small mimic... You died in The Dungeons of Doom on dungeon level 4 with 18488 points, and 0 pieces of gold, after 1609 moves. You were level 3 with a maximum of 30 hit points when you died.